Cogmind - Beta 15 --- EXPLORER MODE // 2025.06.29 @ 21:33:41 Player: Reallybaked Result: Destroyed by 00-S4X(R) with Subdweller Laser Performance ------------- Evolutions (0) 0 Regions Visited (2) 400 Robots Destroyed (6) 30 Value Destroyed (217) 217 Prototype IDs (2) 40 Alien Tech Used (0) 0 Bonus (0) 0 TOTAL SCORE: 687 Bonus ------- None Cogmind --------- Core Integrity 0/250 Matter 253/300 Energy 100/100 System Corruption 0% Temperature Cool (6) Movement Walking (120) Location -10/Subcaves Parts ------- > --- POWER (2) -------- (None) > --- PROPULSION (2) --- Aluminum Leg > --- UTILITY (2) ------ Targeting Computer > --- WEAPON (2) ------- (None) > --- INVENTORY (5) ---- (None) Peak State ------------ > --- POWER ------------ Light Ion Engine > --- PROPULSION ------- Aluminum Leg Aluminum Leg > --- UTILITY ---------- Targeting Computer Propulsion Shielding > --- WEAPON ----------- Assault Rifle Light Assault Rifle > --- INVENTORY -------- Utility Shielding EM Pulse Gun Small Laser [Rating: 7] Favorites ----------- Power Light Ion Engine Engine Light Ion Engine Propulsion Aluminum Leg Leg Aluminum Leg Utility Targeting Computer Processor Targeting Computer Protection Propulsion Shielding Weapon Assault Rifle Ballistic Gun Assault Rifle Build | -11 -10 -10 ------- Run | Yrd Mat Sub Slots Evolved 1 | . 1 . Power 1 | . 1 . Propulsion . | . . . Utility . | . . . Weapon . | . . . Parts Attached 8 | 7 1 . Power 1 | 1 . . Engine 1 | 1 . . Core . | . . . Reactor . | . . . Propulsion 3 | 2 1 . Treads . | . . . Leg 3 | 2 1 . Wheel . | . . . Hover . | . . . Flight . | . . . Utility 2 | 2 . . Device . | . . . Storage . | . . . Processor 1 | 1 . . Hackware . | . . . Protection 1 | 1 . . Artifact . | . . . Weapon 2 | 2 . . Energy Gun . | . . . Energy Cannon . | . . . Ballistic Gun 2 | 2 . . Ballistic Cannon . | . . . Launcher . | . . . Special Weapon . | . . . Impact Weapon . | . . . Slashing Weapon . | . . . Piercing Weapon . | . . . Special Melee Weapon . | . . . Unidentified Prototypes . | . . . Parts Lost 5 | . . 5 Power 1 | . . 1 Propulsion 1 | . . 1 Utility 1 | . . 1 Weapon 2 | . . 2 Highest Loss Streak 5 | . . 5 To Critical Strikes . | . . . Average Backups 2 | 2 2 . Power . | . . . Propulsion . | . . . Utility . | . . . Weapon . | 1 1 . Tool/Special . | . . . Unused Backups 6 | . 6 . Power . | . . . Propulsion 1 | . 1 . Utility 2 | . 2 . Weapon 3 | . 3 . Tool/Special . | . . . Average Slot Usage (%) 86 | . 87 82 Engine 11 | . 12 11 Leg 25 | . 25 25 Processor 12 | . 12 12 Protection 11 | . 12 11 Ballistic Gun 24 | . 25 22 Peak Build Rating 7 | 7 7 7 Average Rating 6 | 3 7 6 On Entrance 4 | . 7 7 Naked Turns . | . . . Heaviest Build 7 | 7 7 7 Greatest Support 20 | 20 20 20 Greatest Overweight (x) . | . . . Average Overweight (x) . | . . . Largest Inventory Capacity 5 | 5 5 5 Average Capacity 5 | 5 5 5 Most Carried 5 | 5 5 . Average Carried 1 | 2 2 . Final Capacity 5 | 5 5 5 Final Carried 5 | 5 . . Class Distribution -------------------- 100% | Hacker-Mutant Dominant Class ---------------- Hacker-Mutant | -10/Materials Hacker-Mutant | -10/Subcaves Resources | -11 -10 -10 ----------- Run | Yrd Mat Sub Matter Collected 342 | 266 76 . Remotely . | . . . Salvage Created 267 | 42 225 . Parts 8 | 2 6 . Haulers Intercepted . | . . . Recyclers Shooed . | . . . Parts Field Recycled . | . . . Retrieved Matter . | . . . Parts Self-Destructed . | . . . Prevented . | . . . Kills | -11 -10 -10 ------- Run | Yrd Mat Sub Combat Hostiles Destroyed 6 | 1 5 . Guns 6 | 1 5 . Classes Destroyed 1 | 1 . . Grunt 6 | 1 5 . Best Kill Streak 3 | 1 3 . Combat Bots Only 3 | 1 3 . Max Kills in Single Turn 1 | 1 1 . Gunslinging . | . . . Exploded . | . . . Melee . | . . . Uniques/NPCs Destroyed . | . . . Combat | -11 -10 -10 -------- Run | Yrd Mat Sub Hostile Shots Fired 122 | 10 76 36 Missed 47 | 4 29 14 Hits 75 | 6 47 22 Projectile 75 | 6 47 22 AOE 2 | . . 2 Damage Taken 761 | 40 369 352 Core 257 | 7 100 150 Absorbed by Shields . | . . . Redirected to Shielding 53 | . 26 27 Ignored by Resistances 462 | 28 231 203 Core Remaining (%) 97 | 97 . . Volleys Fired 34 | 4 30 . Largest 2 | 2 2 . Hottest 40 | 40 40 . Shots Fired 68 | 8 60 . Gun 68 | 8 60 . Cannon . | . . . Launcher . | . . . Special . | . . . Kinetic 68 | 8 60 . Thermal . | . . . Explosive . | . . . Electromagnetic . | . . . Robot Hit Streak 17 | 8 17 . Robot Miss Streak 1 | . 1 . Penetration Max . | . . . Secondary Targets . | . . . Shots Hit Robots 56 | 8 48 . Core Hits 16 | 2 14 . Critical Kills . | . . . Critical Parts Destroyed . | . . . Critical Strikes . | . . . Melee Attacks . | . . . Impact . | . . . Slashing . | . . . Piercing . | . . . Sneak Attacks . | . . . Combat Hostiles . | . . . Follow-up Attacks . | . . . Damage Inflicted 583 | 79 504 . Guns 577 | 79 498 . Cannons . | . . . Explosions . | . . . Melee . | . . . Ramming 6 | . 6 . Kinetic 577 | 79 498 . Thermal . | . . . Explosive . | . . . Electromagnetic . | . . . Impact . | . . . Slashing . | . . . Piercing . | . . . Highest Corruption . | . . . Average Corruption . | . . . Corruption Purged . | . . . Corruption Blocked . | . . . Overload Shots . | . . . Overflow Damage . | . . . Projectiles . | . . . Explosions . | . . . Melee . | . . . Knockbacks . | . . . Impact . | . . . Kinetic . | . . . Secondary . | . . . Self-Inflicted Damage . | . . . Shots . | . . . Rammed . | . . . Targets Rammed 1 | . 1 . Kicked 1 | . 1 . Crushed . | . . . Highest Temperature 34 | 6 34 . Average Temperature 11 | 6 11 . Received Heat Transfer 435 | 36 312 87 Siege Activations . | . . . Martial Activations . | . . . Shielding Activations . | . . . Robots Disrupted . | . . . Combat Hostiles . | . . . Robots Corrupted . | . . . Combat Hostiles . | . . . Parts Fried . | . . . Impact Corruptions . | . . . Robots Melted . | . . . Combat Hostiles . | . . . Parts Melted . | . . . Heat Transferred . | . . . Parts Sabotaged . | . . . Parts Stolen . | . . . Parts Stripped . | . . . Power Chain Reactions . | . . . Alert | -11 -10 -10 ------- Run | Yrd Mat Sub Maximum Alert Level . | . . . Low Security (%) 100 | 100 100 . Level 1 . | . . . Level 2 . | . . . Level 3 . | . . . Level 4 . | . . . Level 5 . | . . . High Security . | . . . Max Security . | . . . Peak Influence 55 | 20 55 . Initial . | . . . Average 8 | 2 10 . Influence Increases 155 | 20 135 . Destroy 0b10 Robot/C 120 | 20 100 . Destroy Leader 20 | . 20 . Lose Combat Pursuer 15 | . 15 . Influence Decreases 155 | 20 115 20 Entered New Map 13 | . . 13 Time Decay 142 | 20 115 7 Squads Dispatched 1 | . 1 . Investigation 1 | . 1 . Extermination . | . . . Reinforcement . | . . . Assault . | . . . Garrison . | . . . Intercept . | . . . Searches Triggered . | . . . Construction Impeded . | . . . Haulers Reinforced . | . . . Active Scanning Responses . | . . . Cargo Convoy Interrupts . | . . . Stealth | -11 -10 -10 --------- Run | Yrd Mat Sub Distress Signals . | . . . Communications Jammed . | . . . Distress Signals . | . . . Times Spotted 28 | 1 14 13 Peak Tracking Total 12 | 1 5 12 Tactical Retreats 2 | . 1 1 Traps | -11 -10 -10 ------- Run | Yrd Mat Sub Traps Triggered 2 | . 2 . Indirectly . | . . . Trap Hack Attempts . | . . . Triggered . | . . . Disarmed . | . . . Reprogrammed . | . . . Reused . | . . . Traps Extracted . | . . . Installed . | . . . Triggered . | . . . Machines | -11 -10 -10 ---------- Run | Yrd Mat Sub Machines Disabled . | . . . Max in Single Turn . | . . . Machines Repaired . | . . . Machines Dismantled . | . . . Machines Sabotaged . | . . . Overloaded Fab Kills . | . . . Hacking | -11 -10 -10 --------- Run | Yrd Mat Sub Machines Accessed 2 | . 2 . Terminals 1 | . 1 . Fabricators . | . . . Repair Stations . | . . . Recycling Units 1 | . 1 . Scanalyzers . | . . . Garrison Access . | . . . Total Hacks 10 | . 10 . Successful 10 | . 10 . Failed . | . . . Catastrophic . | . . . Database Lockouts . | . . . Manual . | . . . Terminals 4 | . 4 . Fabricators . | . . . Repair Stations . | . . . Recycling Units 6 | . 6 . Scanalyzers . | . . . Garrison Access . | . . . Terminal Hacks 4 | . 4 . Record 2 | . 2 . Prototype ID Bank 1 | . 1 . Alert Level 1 | . 1 . Fabricator Hacks . | . . . Repair Station Hacks . | . . . Recycling Unit Hacks 6 | . 6 . Recycle Component 5 | . 5 . Report Inventory 1 | . 1 . Scanalyzer . | . . . Garrison Access Hacks . | . . . Unauthorized Hacks . | . . . Terminals . | . . . Fabricators . | . . . Repair Stations . | . . . Recycling Units . | . . . Scanalyzers . | . . . Garrison Access . | . . . Data Cores Recovered . | . . . Used . | . . . Hacking Detections 2 | . 2 . Full Trace Events 1 | . 1 . Feedback Events . | . . . Feedback Blocked . | . . . Robot Schematics Acquired . | . . . Robots Built . | . . . Authchips . | . . . Time . | . . . Total Robot Build Rating . | . . . Part Schematics Acquired . | . . . Parts Built . | . . . Authchips . | . . . Time . | . . . Total Part Build Rating . | . . . Parts Repaired . | . . . Time . | . . . Parts Recycled 5 | . 5 . Recycled Matter . | . . . Retrieved Matter . | . . . Retrieved Components . | . . . Parts Scanalyzed . | . . . Part Schematics Acquired . | . . . Parts Damaged . | . . . Bothacking | -11 -10 -10 ------------ Run | Yrd Mat Sub Used RIF Installer . | . . . Robots Hacked . | . . . Non-combat . | . . . Combat . | . . . Robot Hacks Applied . | . . . Relay Couplers Released . | . . . Fabnet Peak Effective % . | . . . Robots Rewired . | . . . Allies Hacked . | . . . Hacks Repelled . | . . . Allies | -11 -10 -10 -------- Run | Yrd Mat Sub Total Allies . | . . . Largest Group . | . . . Highest-Rated Group . | . . . Highest-Rated Ally . | . . . Total Orders . | . . . Ally Attacks . | . . . Total Damage . | . . . Kills . | . . . Allies Corrupted . | . . . Allies Melted . | . . . Intel | -11 -10 -10 ------- Run | Yrd Mat Sub Active Infowar (turns) . | . . . Robot Analysis Total . | . . . Derelict Logs Recovered 2 | . . 2 Drone Launches . | . . . Drone Recoveries . | . . . Exploration | -11 -10 -10 ------------- Run | Yrd Mat Sub Turns Passed 762 | 128 498 136 Spaces Moved 553 | 100 340 113 Core 31 | 31 . . Treads . | . . . Legs 522 | 69 340 113 Wheels . | . . . Hover . | . . . Flight . | . . . Fastest Speed 50 | 50 120 120 Average Speed 116 | 98 120 120 Slowest Speed 120 | 120 120 120 Overloaded Moves . | . . . Propulsion Burnouts . | . . . Robots Hopped . | . . . Potential Cave-ins . | . . . Cave-ins Triggered . | . . . Exploration Rate (%) 20 | 9 43 9 Regions Visited 2 Branch Regions 1 Pre-discovered Areas 1 | . . 1 Known Exits Taken 2 | 1 1 . Unknown Exits Taken . | . . . Scrap Searched . | . . . Spaces Dug . | . . . Terrain Destroyed . | . . . Melee . | . . . Projectile . | . . . AOE . | . . . Terrain Rammed . | . . . Walls Destroyed . | . . . Machines Disabled . | . . . Actions | -11 -10 -10 --------- Run | Yrd Mat Sub Total 612 | 122 377 113 Wait . | . . . Move 551 | 99 339 113 Hop . | . . . Pick Up 15 | 12 3 . Fast Attach . | . . . Attach 7 | 7 . . Detach . | . . . Swap 1 | . 1 . Drop 3 | . 3 . Fire 34 | 4 30 . Melee . | . . . Ram . | . . . Kick 1 | . 1 . Crush . | . . . Escape Stasis . | . . . Rewire . | . . . Trap . | . . . Miscellaneous . | . . . Route ------- -11/Scrapyard -10/Materials (discovered 3 exits: *Mat / *Min / *Sub) -10/Subcaves (discovered 1 exit: *Mat) History --------- Turn | Location | Event 2 | -11/Scrapyard | Met Revision 17 64 | -11/Scrapyard | Identified exit to Materials 64 | -11/Scrapyard | Discovered exit to Materials (range 8) 129 | -11/Scrapyard | Entered Materials 129 | -10/Materials | Evolved 1 slot: Power x1 269 | -10/Materials | Identified exit to Materials 269 | -10/Materials | Discovered exit to Materials (range 9) 315 | -10/Materials | Build established: Hacker-Mutant 577 | -10/Materials | Identified exit to Mines 577 | -10/Materials | Discovered exit to Mines (range 13) 619 | -10/Materials | Identified exit to Subcaves 619 | -10/Materials | Discovered exit to Subcaves (range 5) 627 | -10/Materials | Entered Subcaves 629 | -10/Subcaves | Learned 4 Materials zone layouts 655 | -10/Subcaves | Learned Materials machine intel 690 | -10/Subcaves | Learned location of Zion (-6) 690 | -10/Subcaves | Met a Zionite searching for "candidates" 691 | -10/Subcaves | Identified exit to Materials 691 | -10/Subcaves | Discovered exit to Materials (range 11) 693 | -10/Subcaves | Ambushed by swarm of Subdwellers 745 | -10/Subcaves | Disturbed a concealed Subdweller 747 | -10/Subcaves | Lost 6 allies 754 | -10/Subcaves | Core integrity fell below 50% 763 | -10/Subcaves | Core integrity fell below 20% 763 | -10/Subcaves | Destroyed by 00-S4X(R) with Subdweller Laser Last Messages --------------- L7-TSU(z): "Hey you! It's really dangerous down here, I feel that you could die at any moment. For your health and safety might I suggest a trip to Zion?" World map updated: -6/Zion. EXIT=FOUND: MATERIALS GE-RXK(h): "The Subs are coming!" HV Slug penetrates Wall. HV Slug penetrates XG-UVJ(R). XG-UVJ(R) suffers critical hit (Destroy). XG-UVJ(R) destroyed. HV Slug penetrates Wall. KA-8CS(R) angrily emerges from the Twisted Machinery. Lgt. Assault Rifle destroyed. Lgt. Ion Engine destroyed. Propulsion Shielding destroyed. Assault Rifle destroyed. Aluminum Leg destroyed. 7S-I9K(R) destroyed. Map ----- +----------------------------------------------------+ | ???????????????????????????????????????????????? | | ???????????????????????????????????????????????? | | ???????????????????????????????????????????????? | | ???????????????????????????????????????????????? | | ???????????????????????????????????????????????? | | ???????????????????????????????????????????????? | | ???????????????????????????????????????????????? | | ???????????????????????????????????????????????? | | ???????????????????????????????????????????????? | | ???????????????????????????????????????????????? | | ???????????????????????????????????????????????? | | ??????????????????######???????????????????????? | | ??????????????????# #$ ???????????????????????? | | ???????????????????$ $###????????????????????? | | ???????????????????## &#;;##???????????????????? | | ???????????????????#$ ;; ;;##??????????????????? | | ??????????????????##" ; ;#??????????????????? | | ?????????????????## ;#??????????????????? | | ?????????????????# ;#??????????????????? | | ?????????????????# RRR #####??????????????? | | ?????????????????# ";;; ##?????????????? | | ?????????????????## ""# ; #?????????????? | | ??????????????????# ##; ;# ##?????????????? | | ??????????????????# # ; ;####??????????????? | | ??????????????????# ;;; ;##????????????????? | | ?????????????????## &; @ ;#????????????????? | | ?????????????????# &%& ;#????????????????? | | ?????????????????## && ##???????????????? | | ?????????????????# ## ; ; ##??????????????? | | ?????????????????##?###;;#R #??????????????? | | ??????????????????????#### RRR #??????????????? | | ?????????????????????????## R ##?????????????? | | ??????????????????????????## < #?????????????? | | ??????????????????????????## #?????????????? | | ??????????????????????????# ;#?????????????? | | ??????????????????????????## ;#????????????? | | ???????????????????????????# #????????????? | | ???????????????????## ?????#" * ;#????????????? | | ?????????????????### ??????? R ##????????????? | | ????????????????## ?##### ?????????????? | | ????????????????# ?# # #????????????? | | ?????????????????# ## # ##????????????? | | ?????????????????? # ##?????????????? | | ???????????????????# #### ##??????????????? | | ????????????????????# ?## #???????????????? | | ???????????????????## ?# ##???????????????? | | ??????????????????## ## ##????????????????? | | ??????????????????# &###???????????????? | | ??????????????????# % ##??????????????? | | ???????????????#??### ! #??????????????? | +----------------------------------------------------+ Best States ------------- Heat Dissipation 25 Energy Generation 10 Energy Capacity 125 Matter Stores 300 Matter Capacity 300 Sight Range 16 Terrain Scan Density 10 Resistance: KI 35 Resistance: TH 35 Resistance: EX 35 Resistance: EM 35 Resistance: I 35 Resistance: S 35 Resistance: P 35 Propulsion Shielding 33 Evasion (%) 55 Targeting Accuracy 5 Offensive Hacking 20 Item Schematics ----------------- None Robot Schematics ------------------ None Fabricated ------------ Nothing Repaired ---------- Nothing Alien Tech Used ----------------- None Achievements -------------- None Challenges ------------ None Game ------ Seed RapidSpikedAxe Manual? 0 Play Time 00:12:39 Cumulative 2.9 hours Start 2025.06.29 @ 19:59:20 End 2025.06.29 @ 21:33:41 Sessions 1 Manual Loads 0 Difficulty Explorer Special Mode None Game No. 5 Rogue 0 Adventurer 0 Explorer 5 Win Type - Total 0 Types 0/0/0/0/0/0/0/0/0/0 Lore% 2 Gallery% 6 Achievement% 8 Wizard Run 0 Options --------- Layout 1 ASCII 0 Keyboard 0 Movement Arrows Keybinds 0 Fullscreen 1 Font 32/SmallcapsGlow Map View 50x35 Zoom Use 0% Tactical HUD 0 Map Filters NONE Filters NONE Steam 1 RUN: 26eb7966-0854-462d-9db0-b9f97d7301ba